Map: Ephemeron LE

Players

INnoVation

  • Race: Terran Terran
  • League: Grandmaster
  • Spawn Location: 5:00

soO - Winner!

  • Race: Zerg Zerg
  • Spawn Location: 11:00

VOD

Have the link to the VOD?

Description

Time

  • Played on: Jan. 16, 2020, 4:51 a.m.
  • Length: 14:27
Show
View Real Time Build Order
Export as new Build Order

INnoVation Terran 

Build Orders: Reaper Expand, Mech 

Get SALT Encoding   

  12  0:00  SCV  
  13  0:12  SCV  
  14  0:17  Supply Depot  
  14  0:24  SCV  
  15  0:38  SCV  
  15  0:40  Barracks  
  16  0:44  Refinery  
  16  0:50  SCV  
  17  1:02  SCV  
  18  1:14  SCV  
  19  1:27  Reaper, Orbital Command  
  20  1:40  Command Center  
  20  1:51  Supply Depot  
  20  1:52  SCV  
  21  1:59  Marine  
  22  2:04  SCV  
  23  2:15  Factory  
  23  2:16  SCV  
  23  2:21  Barracks Reactor  
  24  2:28  SCV  
  25  2:40  SCV  
  25  2:42  Command Center  
  26  2:53  SCV  
  26  2:56  Orbital Command  
  27  3:05  SCV  
  27  3:08  Starport  
  27  3:12  Refinery  
  27  3:14  Hellion  
  27  3:18  SCV  
  30  3:22  Hellion  
  30  3:24  SCV  
  33  3:30  SCV  
  34  3:38  SCV  
  35  3:42  SCV  
  35  3:44  Viking  
  35  3:45  Hellion x2  
  42  3:51  SCV  
  42  3:54  SCV, Orbital Command  
  44  3:59  Fusion Core  
  44  4:04  Refinery  
  44  4:06  SCV  
  44  4:07  SCV  
  46  4:12  Refinery  
  46  4:16  Supply Depot, Starport Tech Lab  
  46  4:18  SCV  
  46  4:19  SCV  
  48  4:24  Orbital Command  
  48  4:30  SCV  
  48  4:31  SCV  
  50  4:37  Hellion x2  
  54  4:40  Supply Depot  
  54  4:43  SCV x2  
  56  4:46  Battlecruiser  
  56  4:51  SCV  
  63  4:55  SCV x2  
  65  5:01  Factory  
  65  5:03  Supply Depot  
  65  5:04  SCV  
  67  5:07  SCV x2  
  67  5:10  Refinery  
  67  5:11  Refinery  
  67  5:13  Factory  
  68  5:17  SCV  
  68  5:19  SCV x2, Weapon Refit  
  71  5:25  Supply Depot  
  71  5:29  SCV  
  71  5:31  SCV x2  
  74  5:40  Supply Depot  
  74  5:42  SCV  
  75  5:43  SCV x2  
  75  5:48  Factory Tech Lab  
  77  5:51  Battlecruiser  
  77  5:54  SCV  
  77  5:55  SCV x2  
  84  5:59  Factory Tech Lab  
  84  6:00  Supply Depot  
  84  6:03  Armory  
  84  6:04  Armory  
  84  6:06  SCV  
  84  6:07  SCV  
  84  6:08  SCV  
  84  6:09  Supply Depot  
  84  6:10  Siege Tank  
  90  6:18  SCV  
  90  6:19  SCV, Siege Tank  
  90  6:20  SCV  
  90  6:22  Supply Depot  
  96  6:30  SCV  
  96  6:31  SCV  
  96  6:32  SCV, Supply Depot  
  99  6:37  Engineering Bay  
  99  6:41  Hellion x2  
  99  6:42  Siege Tank  
  106  6:51  Siege Tank  
  106  6:54  SCV x2  
  109  6:55  Battlecruiser  
  111  7:06  Hellion x2  
  115  7:15  Supply Depot  
  115  7:16  Supply Depot x2  
  115  7:17  Supply Depot  
  111  7:38  SCV x2, Siege Tank  
  111  7:39  Siege Tank  
  111  7:40  Terran Vehicle And Ship Armor Level 1, Terran Vehicle Weapons Level 1  
  111  7:41  Hellion  
  103  7:53  Orbital Command  
  103  7:55  Hellion  
  99  8:06  Missile Turret  
  99  8:09  Refinery, Hellion  
  99  8:10  Siege Tank  
  99  8:11  Siege Tank  
  107  8:17  Hellion  
  109  8:30  Supply Depot  
  109  8:32  Supply Depot  
  109  8:33  Supply Depot  
  109  8:52  SCV x2, Battlecruiser  
  109  8:53  SCV, Hellion  
  109  8:55  Siege Tank x2  
  124  9:04  SCV x2  
  124  9:05  SCV  
  127  9:10  Command Center  
  127  9:13  Supply Depot  
  127  9:14  Supply Depot  
  127  9:16  SCV x2, Infernal Pre-Igniter  
  129  9:18  SCV  
  130  9:24  Missile Turret  
  130  9:26  Barracks Reactor  
  130  9:27  Factory  
  130  9:28  Factory  
  133  9:31  Siege Tank  
  133  9:35  Siege Tank  
  135  9:41  Hellion  
  135  9:42  Hellion  
  128  10:03  Siege Tank  
  128  10:04  SCV x2  
  128  10:05  SCV  
  128  10:06  Hellion x2  
  138  10:08  Factory Tech Lab  
  138  10:16  Refinery  
  138  10:17  Factory  
  138  10:20  Supply Depot x3  
  138  10:21  Supply Depot  
  138  10:22  Battlecruiser  
  138  10:24  Terran Ship Weapons Level 1  
  144  10:30  Hellion x4  
  144  10:33  Thor  
  158  10:39  SCV x2, Supply Depot  
  158  10:40  SCV  
  161  10:50  Missile Turret  
  161  10:51  Missile Turret x2  
  161  10:52  SCV x2  
  161  10:53  SCV, Missile Turret  
  161  10:57  Thor  
  164  11:04  SCV  
  164  11:07  Refinery  
  164  11:11  Refinery  
  161  11:18  Thor  
  167  11:25  Factory Tech Lab  
  164  11:38  Command Center  
  164  11:39  Thor  
  167  11:51  Thor  
  167  11:53  Command Center  
  173  12:00  Battlecruiser  
  179  12:10  Supply Depot  
  179  12:11  Supply Depot  
  179  12:21  Thor  
  179  12:22  Thor  
  176  12:36  Hellion x4  
  184  12:42  Thor  
  190  12:57  Command Center  
  157  13:27  Siege Tank x3  
  136  13:30  Hellion x2  
  136  13:31  Hellion x2  
  134  13:35  SCV x3  
  137  13:45  Planetary Fortress  
  137  13:52  Hellion x4  
  145  14:06  Sensor Tower  
Show
View Real Time Build Order
Export as new Build Order

soO Zerg - Winner!

Build Orders: Hatch First 

Get SALT Encoding   

  12  0:00  Drone  
  13  0:13  Overlord  
  13  0:16  Drone  
  14  0:31  Drone x2  
  16  0:47  Hatchery  
  15  0:52  Drone  
  15  0:55  Drone  
  17  0:58  Drone  
  18  1:09  Extractor  
  17  1:13  Spawning Pool  
  17  1:16  Drone  
  17  1:20  Drone  
  18  1:28  Drone  
  19  1:39  Drone  
  20  1:49  Overlord  
  20  2:00  Queen x2  
  20  2:01  Zergling x4  
  26  2:11  Drone x2  
  28  2:21  Extractor, Drone  
  28  2:23  Drone  
  28  2:25  Metabolic Boost  
  29  2:36  Queen  
  30  2:42  Hatchery  
  30  2:44  Drone  
  31  2:55  Drone, Overlord  
  31  2:58  Drone  
  33  3:00  Drone  
  33  3:01  Drone  
  34  3:08  Overlord  
  34  3:09  Drone  
  35  3:14  Drone  
  35  3:15  Drone  
  35  3:17  Queen  
  35  3:18  Drone  
  40  3:28  Drone x3  
  43  3:36  Drone x2  
  43  3:40  Drone  
  46  3:41  Drone  
  46  3:42  Lair  
  46  3:43  Drone x2  
  46  3:46  Zergling x2, Extractor  
  46  3:48  Overlord  
  49  3:53  Drone  
  49  3:54  Queen  
  52  3:58  Drone  
  52  4:00  Queen  
  55  4:03  Overlord  
  55  4:07  Drone  
  56  4:13  Roach Warren  
  56  4:14  Drone x2  
  56  4:15  Drone  
  56  4:17  Zergling x4  
  60  4:18  Drone  
  60  4:22  Drone x2  
  60  4:23  Drone  
  64  4:26  Overlord  
  64  4:27  Drone  
  65  4:35  Extractor, Overlord  
  64  4:38  Overlord  
  64  4:39  Overlord  
  64  4:45  Drone  
  65  4:46  Extractor  
  65  4:47  Drone x2  
  65  4:52  Glial Reconstitution  
  66  4:53  Drone  
  66  4:55  Queen, Drone  
  66  4:56  Drone x2  
  66  4:58  Drone  
  73  5:02  Roach x3  
  73  5:04  Overlord  
  79  5:07  Overlord  
  79  5:10  Overlord  
  79  5:11  Roach  
  83  5:14  Roach  
  83  5:16  Roach  
  85  5:23  Roach x4  
  85  5:26  Overseer  
  93  5:31  Spore Crawler, Nydus Network  
  93  5:32  Spore Crawler  
  93  5:33  Spore Crawler  
  89  5:38  Drone x2  
  89  5:40  Drone x2  
  89  5:41  Drone  
  94  5:44  Drone  
  94  5:45  Drone x2  
  97  5:52  Drone  
  97  5:54  Drone x2  
  100  5:57  Queen x2  
  100  6:03  Overlord  
  104  6:06  Roach x4  
  108  6:14  Overlord  
  108  6:17  Overlord  
  108  6:18  Overlord  
  108  6:22  Nydus Canal  
  108  6:25  Roach x6  
  119  6:35  Queen  
  119  6:37  Roach x2  
  119  6:38  Roach x2  
  129  6:42  Roach x4  
  129  6:43  Roach  
  129  6:46  Nydus Canal  
  139  6:48  Roach x2, Drone  
  143  6:58  Overlord x2  
  143  7:07  Ravager x3  
  145  7:10  Overlord  
  145  7:12  Extractor  
  145  7:13  Extractor  
  141  7:15  Evolution Chamber  
  141  7:22  Hatchery  
  133  7:28  Queen x3, Drone x3  
  139  7:30  Drone x2  
  139  7:33  Drone  
  139  7:35  Overlord  
  139  7:36  Drone x2  
  144  7:37  Overseer, Drone x2  
  144  7:42  Spire  
  145  7:45  Overlord  
  145  7:46  Zerg Missile Weapons Level 1  
  145  7:47  Roach x2  
  137  7:53  Roach  
  137  7:55  Roach x2  
  127  7:59  Ravager  
  127  8:00  Ravager  
  127  8:01  Drone  
  127  8:02  Drone  
  127  8:03  Roach x2  
  135  8:06  Overlord  
  135  8:10  Roach  
  135  8:11  Queen x2  
  135  8:12  Queen  
  131  8:31  Drone x2  
  133  8:36  Overlord  
  133  8:46  Queen x2  
  137  8:49  Spire  
  137  8:51  Queen  
  137  8:54  Drone  
  137  8:55  Drone  
  132  8:57  Drone  
  132  8:59  Extractor  
  132  9:01  Overseer, Drone x3  
  132  9:02  Hatchery, Drone x5  
  138  9:03  Drone x7  
  138  9:08  Spore Crawler x2  
  138  9:09  Drone x2, Queen  
  144  9:12  Spore Crawler  
  144  9:13  Nydus Canal  
  145  9:22  Queen x2  
  149  9:28  Roach x4  
  157  9:40  Roach  
  138  9:58  Extractor  
  138  9:59  Zerg Missile Weapons Level 2  
  137  10:02  Corruptor x11  
  137  10:06  Ravager  
  160  10:09  Corruptor x3  
  166  10:22  Zerg Flyer Weapons Level 1  
  166  10:28  Ravager x2  
  166  10:29  Roach x10  
  166  10:30  Roach  
  166  10:31  Drone  
  189  10:46  Roach x5  
  199  10:55  Ravager  
  200  11:18  Corruptor, Ravager  
  193  11:19  Corruptor x2  
  199  11:34  Ravager  
  200  11:46  Corruptor x3  
  198  11:55  Corruptor  
  200  12:05  Hatchery  
  199  12:09  Spine Crawler  
  199  12:10  Spine Crawler  
  199  12:11  Spine Crawler x2, Extractor  
  199  12:13  Extractor  
  161  12:27  Ravager x2  
  161  12:28  Roach x18  
  197  12:30  Zerg Melee Weapons Level 1  
  197  12:33  Baneling Nest  
  197  12:34  Ravager x2  
  197  12:35  Zergling x4  
  200  12:48  Infestation Pit  
  199  13:06  Corruptor  
  199  13:07  Corruptor  
  193  13:17  Zergling x6  
  193  13:18  Roach x2  
  173  13:25  Zergling x8, Roach x10  
  179  13:32  Zergling x2, Roach x10  
  179  13:33  Zergling x2, Roach x4  
  199  13:39  Ravager x2  
  199  13:40  Ravager  
  197  13:42  Zergling x6  
  200  13:53  Baneling x8  
Tags
 
Add a new tag
Caveats
  • Supply blocks, unpowered buildings, or Contaminate may cause inaccurate times.
  • Supply counts are checked every 10 seconds.